Map: Oxide LE

Players

DnS

  • Race: Protoss Protoss

Lambo - Winner!

  • Race: Zerg Zerg

Event: DreamHack SC2 Masters 2021 Fall

VOD

Have the link to the VOD?

Description

Time

  • Played on: Aug. 1, 2021, 12:02 p.m.
  • Length: 8:39

All games in this series

Show
View Real Time Build Order
Export as new Build Order

DnS Protoss 

Build Orders: 1 Gate Expand, Oracle Opening, Zealot Archon 

Get SALT Encoding   

  12  0:00  Probe  
  13  0:12  Probe  
  14  0:19  Pylon  
  14  0:24  Probe  
  15  0:37  Probe (Chrono Boost)  
  16  0:44  Gateway  
  16  0:46  Probe (Chrono Boost)  
  17  0:51  Probe (Chrono Boost)  
  17  0:52  Assimilator  
  18  1:03  Probe  
  19  1:15  Probe  
  20  1:26  Nexus  
  20  1:36  Cybernetics Core  
  20  1:40  Probe  
  20  1:46  Assimilator  
  21  1:52  Probe  
  22  1:57  Pylon  
  22  2:04  Probe (Chrono Boost)  
  23  2:12  Adept (Chrono Boost)  
  23  2:13  Warp Gate  
  26  2:16  Probe (Chrono Boost)  
  26  2:23  Probe (Chrono Boost)  
  26  2:27  Stargate  
  27  2:32  Probe (Chrono Boost)  
  27  2:37  Stalker  
  30  2:39  Probe (Chrono Boost)  
  32  2:48  Probe x2 (Chrono Boost)  
  33  2:53  Probe (Chrono Boost)  
  33  2:54  Probe  
  35  3:03  Void Ray (Chrono Boost)  
  36  3:05  Probe  
  36  3:06  Probe  
  36  3:08  Gateway  
  41  3:17  Probe  
  42  3:23  Probe  
  43  3:28  Pylon  
  43  3:29  Probe  
  44  3:35  Probe  
  45  3:44  Probe  
  45  3:46  Oracle  
  45  3:48  Nexus  
  49  3:52  Probe  
  49  3:53  Pylon  
  50  3:57  Probe  
  50  3:59  Assimilator  
  51  4:03  Assimilator  
  51  4:04  Probe  
  51  4:09  Probe  
  53  4:16  Pylon, Probe, Protoss Air Weapons Level 1  
  54  4:19  Stargate  
  54  4:21  Probe  
  55  4:29  Probe  
  55  4:31  Void Ray  
  56  4:33  Probe  
  61  4:40  Forge  
  61  4:41  Probe  
  61  4:45  Probe  
  63  4:47  Robotics Facility  
  63  4:53  Probe (Chrono Boost)  
  63  4:55  Pylon  
  63  4:57  Shield Battery, Probe (Chrono Boost)  
  65  5:01  Void Ray  
  65  5:02  Probe (Chrono Boost)  
  65  5:05  Probe (Chrono Boost)  
  71  5:09  Probe (Chrono Boost)  
  71  5:11  Probe (Chrono Boost)  
  71  5:12  Probe (Chrono Boost)  
  71  5:13  Pylon  
  71  5:14  Probe (Chrono Boost)  
  74  5:16  Probe (Chrono Boost)  
  74  5:19  Probe  
  77  5:23  Probe  
  77  5:24  Void Ray  
  77  5:28  Probe  
  79  5:31  Probe  
  79  5:33  Assimilator  
  84  5:35  Probe  
  84  5:36  Assimilator  
  84  5:40  Probe  
  86  5:43  Void Ray, Probe  
  86  5:45  Pylon  
  86  5:46  Twilight Council  
  86  5:48  Probe  
  92  5:52  Probe  
  92  5:55  Probe  
  92  5:56  Shield Battery  
  94  6:00  Probe  
  94  6:01  Void Ray  
  95  6:04  Probe  
  95  6:09  Gateway  
  95  6:10  Gateway  
  100  6:11  Gateway  
  100  6:21  Pylon, Gateway  
  100  6:22  Gateway  
  100  6:30  Charge (Chrono Boost)  
  100  6:31  Templar Archives  
  100  6:32  Photon Cannon  
  100  6:33  Photon Cannon  
  100  6:36  Void Ray  
  100  6:38  Zealot  
  106  6:50  Gateway  
  106  6:51  Gateway  
  106  6:56  Void Ray  
  106  6:57  Gateway x2  
  108  7:04  Gateway  
  108  7:07  Pylon  
  112  7:13  Shield Battery, Zealot x2  
  116  7:17  Zealot  
  116  7:22  Shield Battery  
  116  7:23  Shield Battery, Immortal (Chrono Boost)  
  116  7:26  Pylon  
  116  7:27  Pylon x2, High Templar x2  
  124  7:33  Photon Cannon  
  124  7:35  Shield Battery, Photon Cannon  
  124  7:36  Archon  
  124  7:37  Pylon  
  124  7:47  High Templar x4, Zealot x2  
  124  7:48  Zealot  
  138  7:52  Archon  
  138  7:54  Archon  
  138  7:55  Zealot x2  
  142  8:03  Zealot  
  142  8:04  Zealot x2  
  142  8:12  Zealot x2  
  115  8:13  Zealot  
  115  8:18  Zealot x2  
  101  8:21  Zealot x4  
  91  8:29  Zealot x3  
Show
View Real Time Build Order
Export as new Build Order

Lambo Zerg - Winner!

Build Orders: Hatch First 

Get SALT Encoding   

  12  0:00  Drone  
  13  0:12  Overlord  
  13  0:17  Drone  
  14  0:30  Drone x2  
  16  0:44  Drone  
  17  0:53  Hatchery  
  17  0:54  Drone  
  17  0:57  Drone  
  18  1:09  Extractor  
  17  1:13  Spawning Pool  
  17  1:17  Drone  
  17  1:19  Drone  
  18  1:27  Drone  
  19  1:39  Drone  
  20  1:51  Overlord  
  20  1:59  Queen  
  22  2:05  Queen, Drone  
  22  2:06  Zergling x2  
  26  2:09  Metabolic Boost  
  26  2:13  Zergling x2  
  28  2:15  Drone  
  28  2:24  Drone  
  28  2:26  Drone  
  30  2:34  Hatchery  
  29  2:37  Drone  
  29  2:40  Drone  
  31  2:47  Overlord  
  31  2:48  Drone  
  32  2:53  Queen  
  32  2:56  Drone  
  35  3:00  Drone  
  35  3:04  Queen  
  38  3:09  Drone  
  39  3:13  Drone x3  
  39  3:15  Drone  
  39  3:16  Drone  
  39  3:19  Overlord  
  44  3:24  Overlord  
  44  3:37  Queen  
  44  3:39  Drone, Roach Warren  
  44  3:40  Drone x2  
  48  3:43  Zergling x4  
  48  3:47  Drone  
  50  3:51  Overlord  
  50  3:53  Drone x3  
  53  3:56  Drone  
  53  4:01  Queen  
  56  4:07  Drone  
  57  4:12  Spore Crawler  
  57  4:13  Overlord  
  57  4:16  Drone x2  
  57  4:17  Drone x4  
  60  4:20  Drone  
  63  4:27  Drone x3  
  63  4:30  Spore Crawler  
  64  4:32  Queen  
  64  4:35  Drone  
  64  4:36  Drone x2  
  68  4:41  Lair, Queen  
  68  4:44  Extractor  
  68  4:45  Extractor  
  69  4:46  Drone x2  
  69  4:47  Drone  
  69  4:49  Drone  
  73  4:53  Overlord  
  73  4:54  Overlord  
  73  4:59  Drone x2  
  74  5:04  Overlord  
  74  5:09  Overlord  
  74  5:10  Overlord  
  74  5:11  Drone x2  
  74  5:12  Drone x6  
  82  5:14  Extractor  
  82  5:15  Extractor x2  
  82  5:16  Drone  
  82  5:17  Evolution Chamber  
  82  5:21  Overlord  
  78  5:23  Zergling x2  
  78  5:25  Queen  
  78  5:26  Queen  
  83  5:29  Drone x2  
  83  5:32  Drone x2  
  87  5:36  Roach x2  
  87  5:37  Drone x2  
  87  5:41  Zergling x4  
  87  5:42  Drone  
  96  5:44  Zerg Missile Weapons Level 1  
  96  5:47  Queen  
  96  5:49  Glial Reconstitution  
  98  5:51  Drone  
  99  6:01  Queen  
  101  6:08  Roach x4  
  101  6:10  Hatchery  
  101  6:11  Overlord  
  108  6:16  Spore Crawler, Drone x2  
  109  6:19  Spore Crawler  
  109  6:21  Queen  
  109  6:22  Roach x2  
  114  6:28  Overlord  
  114  6:29  Roach  
  114  6:30  Roach x2  
  114  6:31  Overlord  
  120  6:35  Roach  
  120  6:36  Roach  
  124  6:41  Queen x2  
  128  6:48  Roach x4  
  128  6:50  Overlord  
  135  6:57  Roach x4  
  143  7:01  Queen  
  143  7:07  Overlord x3  
  145  7:08  Overlord  
  145  7:13  Ravager x8  
  153  7:18  Ravager  
  153  7:20  Overlord  
  154  7:25  Ravager  
  154  7:26  Ravager x2, Roach x6  
  154  7:28  Ravager x4  
  173  7:30  Roach  
  173  7:32  Roach  
  177  7:39  Roach x4  
  185  7:44  Roach  
  185  7:45  Roach x2  
  185  7:47  Overlord  
  185  7:50  Roach  
  185  7:51  Roach x2  
  197  8:03  Roach x5  
  191  8:08  Roach x3  
  191  8:12  Roach x2  
  178  8:17  Roach x4  
  178  8:18  Roach  
  178  8:19  Roach x2  

Tags
 
Add a new tag
Caveats
  • Supply blocks, unpowered buildings, or Contaminate may cause inaccurate times.
  • Supply counts are checked every 10 seconds.